 Dungeon Crawl Stone Soup version 0.30.0-29-ga12c61a403 (webtiles) character file.

Game seed: 1154503847923919557

230 cheesebisquit the Grave Robber (level 6, 0/50 HPs)
             Began as a Ghoul Necromancer on June 7, 2023.
             Slain by Grinder (7 damage)
             ... on level 4 of the Dungeon.
             The game lasted 00:19:24 (4105 turns).

cheesebisquit the Grave Robber (Ghoul Necromancer)  Turns: 4105, Time: 00:19:25

Health: 0/50       AC:  6    Str: 12    XL:     6   Next: 3%
Magic:  7/7        EV:  9    Int: 18    God:
Gold:   169        SH:  0    Dex:  9    Spells: 3/8 levels left

rFire   . . .        n - +0 broad axe
rCold   + . .        (no shield)
rNeg    + + +        p - +0 scale mail
rPois   ∞            (no helmet)
rElec   .            (no cloak)
rCorr   .            (no gloves)
SInv    .            (no boots)
Will    .....        (no amulet)
Stlth   +            l - +6 ring of intelligence
HPRegen 0.00/turn    (no ring)
MPRegen 0.10/turn

%: no passive effects
@: inhibited regen
A: claws 1, cold resistance 1, negative energy resistance 3, inhibited
regeneration, torment resistance 2, devour on kill
a: no special abilities


You were on level 4 of the Dungeon.
You visited 1 branch of the dungeon, and saw 4 of its levels.

You collected 169 gold pieces.

Inventory:

Hand Weapons
 e - a +1 dagger of protection
 f - a +0 mace
 n - a +0 broad axe (weapon)
Missiles
 i - 3 boomerangs (quivered)
 o - 9 poisoned darts
Armour
 g - a +0 leather armour
 p - a +0 scale mail (worn)
Jewellery
 l - a +6 ring of intelligence (left claw)
Wands
 q - a wand of flame (19)
Scrolls
 c - 2 scrolls of amnesia
 d - a scroll of immolation
 h - a scroll of enchant weapon {unknown}
 j - a scroll of teleportation {unknown}
Potions
 a - a potion of attraction {unknown}
 k - a potion of invisibility {unknown}
 m - a potion of ambrosia {unknown}
 r - a potion of mutation {unknown}


   Skills:
 + Level 2.6 Fighting
 * Level 1.8 Axes
 + Level 0.7 Throwing
 + Level 1.1 Armour
 + Level 3.0 Dodging
 + Level 3.9 Stealth
 - Level 1.7 Spellcasting
 + Level 4.1 Necromancy


You had 3 spell levels left.
You knew the following spells:

 Your Spells              Type           Power      Damage    Failure   Level
a - Necrotise             Necr           64%        1d7       19%         1
b - Vampiric Draining     Necr           16%        2d7       47%         3
c - Kiss of Death         Conj/Necr      36%        2d8       38%         1

Your spell library contained the following spells:

 Spells                   Type           Power      Damage    Failure   Level
 Freeze                   Ice            4%         1d3       69%         1
 Blink                    Tloc           2%         N/A       83%         2
 Ensorcelled Hibernation  Hex/Ice        2%         N/A       83%         2
 Lesser Beckoning         Tloc           2%         N/A       83%         2
 Momentum Strike          Conj/Tloc      2%         3d8       83%         2
 Confusing Touch          Hex            1%         N/A       96%         3
 Frozen Ramparts          Ice            2%         1d1       96%         3
 Hailstorm                Conj/Ice       1%         3d3       96%         3
 Portal Projectile        Hex/Tloc       2%         N/A       96%         3
 Tukima's Dance           Hex            1%         N/A       96%         3
 Animate Dead             Necr           16%        N/A       87%         4
 Dispel Undead            Necr           16%        3d10      87%         4
 Anguish                  Hex/Necr       4%         N/A       99%         4
 Agony                    Necr           16%        N/A       99%         5
 Spider Form              Tmut/Pois      Unusable   N/A       N/A         3
 Blade Hands              Tmut           Unusable   N/A       N/A         5

Dungeon Overview and Level Annotations

Branches:
Dungeon (4/15)
 Temple: D:4-7

Altars:
Makhleb
Okawaru
Uskayaw
Vehumet

Shops:
D:1 =

Annotations:
D:2 Sigmund
D:3 1 runed translucent door, Crazy Yiuf
D:4 Grinder


Innate Abilities, Weirdness & Mutations

You are immune to poison.
You have sharp fingernails.
Your flesh is cold resistant. (rC+)
You are immune to negative energy. (rN+++)
You do not regenerate when monsters are visible.
You are immune to unholy pain and torment.
You thrive by killing the living.


Message History

Okay, then.
Unknown command.
You are too injured to fight recklessly!
Cleave: n) +0 broad axe
Press: ? - help, Dir - move target, f - you, p - Grinder
Okay, then.
Throw: 3 boomerangs
Press: ? - help, Q - select action, (/) - cycle Shift-Dir - straight line, f/p - Grinder
Aim: Grinder (severely wounded, 50% to hit)
You throw a boomerang. The boomerang barely misses Grinder.
You barely miss Grinder.
Grinder is severely wounded.
Grinder gestures at you.
You suddenly lose the ability to move!
Grinder hits you.
* * * LOW HITPOINT WARNING * * *
Grinder hits you!
* * * LOW HITPOINT WARNING * * *
You can move again.
As you read the scroll of fear, it crumbles to dust.
You assume a fearsome visage.
Grinder looks frightened!
Grinder blinks!
You start resting.
Grinder is nearby!
Grinder blinks!
You see here a +0 dagger.
Grinder gestures at you.
You suddenly lose the ability to move!
Grinder hits you but does no damage. Grinder hits you.
* * * LOW HITPOINT WARNING * * *
Grinder hits you but does no damage. Grinder gestures at you.
You resist with significant effort.
You can move again.
You hit Grinder.
Grinder is severely wounded.
Grinder barely misses you.
You hit Grinder.
Grinder is almost dead.
Grinder hits you!
You die...

..♣#....##.# #..
#####'#####...
♣.♣####.##.# ###.# #.....#
#♣..
♣...###....###...###....##
#...
♣♣♣.................######
#♣..
#######..##.......'....#
#... ##..#.......####.#
#.♣. #..>.......# #.# #.##
#.#.#.#5#### #.## #.#
#.#.#.#@# #..## #.#
#.#.#.#.#######...# #.#
#......)........♣.♣##.#
###.#.#.######♣.....♣.#
#.#.#.# #..........#
#.#.#......♣.......♣#
#.########.......#
♣.......♣ #.......#


You could see Grinder.

Vanquished Creatures
  A phantom (D:4)
  A hound (D:4)
  Jessica (D:2)
  Natasha (D:1)
  2 adders
  An ufetubus (D:4)
  A worm (D:2)
  A dart slug (D:3)
  An orc (D:3)
  4 ball pythons
  4 endoplasms
  4 giant cockroaches
  3 goblins
  5 hobgoblins
  5 kobolds
  A quokka (D:1)
  3 bats
  4 frilled lizards
  5 rats
48 creatures vanquished.

Vanquished Creatures (collateral kills)
  A frilled lizard (D:2)
1 creature vanquished.

Grand Total: 49 creatures vanquished

Notes
Turn   | Place    | Note
-------+----------+-------------------------------------------
     0 | D:1      | cheesebisquit the Ghoul Necromancer began the quest for the
                  | Orb.
     0 | D:1      | Reached XP level 1. HP: 14/14 MP: 2/2
   405 | D:1      | Reached XP level 2. HP: 22/22 MP: 3/3
   688 | D:1      | Found Irphoabla's Jewellery Shop.
   855 | D:1      | Reached skill level 1 in Fighting
  1054 | D:2      | Noticed Natasha
  1078 | D:2      | Noticed Sigmund
  1078 | D:2      | Found a faded altar of an unknown god.
  1256 | D:2      | Reached XP level 3. HP: 20/28 MP: 0/4
  1627 | D:2      | Learned a level 3 spell: Vampiric Draining
  1630 | D:2      | Noticed Jessica
  1639 | D:2      | Killed Jessica
  1640 | D:2      | Reached XP level 4. HP: 36/36 MP: 0/5
  2049 | D:1      | Killed Natasha
  2265 | D:3      | Learned a level 1 spell: Kiss of Death
  2313 | D:3      | Found an iron altar of Okawaru.
  2544 | D:3      | Reached skill level 1 in Axes
  2563 | D:3      | Found a radiant altar of Vehumet.
  2659 | D:3      | Found a burning altar of Makhleb.
  2692 | D:3      | Found a hide-covered altar of Uskayaw.
  2698 | D:3      | Reached XP level 5. HP: 41/41 MP: 6/6
  2758 | D:3      | Found a runed translucent door.
  2759 | D:3      | Noticed Crazy Yiuf
  3285 | D:4      | Noticed Grinder
  3285 | D:4      | Noticed a wyvern
  3345 | D:4      | Paralysed by Grinder for 5 turns
  3351 | D:4      | Paralysed by Grinder for 2 turns
  3586 | D:4      | Noticed a phantom
  3616 | D:4      | Killed a phantom
  3617 | D:4      | Reached skill level 1 in Armour
  3617 | D:4      | Reached XP level 6. HP: 34/50 MP: 7/7
  4030 | D:4      | Paralysed by Grinder for 2 turns
  4036 | D:4      | Paralysed by Grinder for 4 turns
  4043 | D:4      | Paralysed by Grinder for 2 turns
  4080 | D:4      | Paralysed by Grinder for 2 turns
  4099 | D:4      | Paralysed by Grinder for 5 turns
  4105 | D:4      | Slain by Grinder

Illustrated notes

Levels and vault maps discovered:
D:1:      amcnicky_arrival_blooded_trapdoor, layout_loops_ring, serial_shops,
          shop
D:2:      layout_rooms, basic_ecumenical_altar, hex_tiny, uniq_natasha,
          uniq_sigmund, uniq_jessica
D:3:      layout_loops_ring, mainiacjoe_overflow_alcove_2,
          nicolae_uskayaw_murder_on_the_dancefloor, bloody_makhleb,
          lemuel_coloured_pillars_altar, hangedman_decor_clover_reticule,
          uniq_crazy_yiuf_cottage
D:4:      kennysheep_kobold_camp, layout_basic, minmay_temple_entry_offerings,
          serial_forest, infiniplex_forest_clump_tiny, infiniplex_forest_end_2,
          infiniplex_forest_clump_diagonal, infiniplex_forest_zigzag_2,
          infiniplex_forest_corner_1, infiniplex_forest_lined_ring,
          infiniplex_forest_lined_ring, infiniplex_forest_clump_long,
          serial_park_tiny_1, chequers_serial_rivers_room_a, uniq_grinder

Skill      XL: |  1  2  3  4  5 |
---------------+----------------+-----
Dodging        | 2 3 |  3.0
Fighting       | 1 2 |  2.6
Stealth        | 3 |  3.9
Axes           | 1 |  1.8
Armour         | 1 |  1.1
Throwing       | |  0.7
Spellcasting   | |  1.7
Necromancy     | |  4.1

Action                     |  1- 3 |  4- 6 || total
---------------------------+-------+-------++-------
  Melee: Rapier            |    20 |       ||    20
         Unarmed           |     2 |       ||     2
         Mace              |    49 |       ||    49
         Punch             |     1 |       ||     1
         Broad axe         |       |    84 ||    84
  Throw: Dart              |     5 |       ||     5
         Boomerang         |       |    38 ||    38
   Cast: Necrotise         |    44 |    14 ||    58
  Evoke: Wand              |       |     1 ||     1
    Use: Potion            |     1 |     2 ||     3
         Scroll            |       |     5 ||     5
   Stab: Sleeping          |     1 |       ||     1
 Armour: Robe              |     4 |       ||     4
         Leather armour    |    11 |       ||    11
         Scale mail        |       |    73 ||    73
  Dodge: Dodged            |    71 |    56 ||   127
